 Dungeon Crawl Stone Soup version 0.31-a0-971-g75a2e9a4b4 (webtiles) character file.

Game seed: 1180003903504598665

366 mattiecakes the Fighter (level 7, 24/68 HPs)
             Began as a Meteoran Cinder Acolyte on Oct 29, 2023.
             Was an Initiate of Ignis.
             Quit the game on level 4 of the Dungeon.
             The game lasted 00:10:10 (1753 turns).

mattiecakes the Fighter (Meteoran Cinder Acolyte)   Turns: 1753, Time: 00:10:10

Health: 24/68      AC:  4    Str: 15    XL:     7   Next: 21%
Magic:  10/10      EV: 26    Int: 17    God:    Ignis [......]
Gold:   89         SH:  0    Dex: 11    Spells: 8/8 levels left

rFire   + . .        a - -1 mace (flame)
rCold   . . .        (no shield)
rNeg    . . .        b - +0 robe
rPois   .            p - +0 hat
rElec   .            s - +0 cloak
rCorr   +            (no gloves)
SInv    .            q - +0 pair of boots
Will    .....        j - amulet of the acrobat
Stlth   +            i - ring of resist corrosion
HPRegen 0.31/turn    n - ring of flight
MPRegen 0.12/turn

%: acrobat
@: acrobatic, flying, hasted, glowing, very quick
A: sense surroundings 1, otherworldly, glowing, explore regen
a: Renounce Religion, Rising Flame


You were on level 4 of the Dungeon.
You worshipped Ignis.
Ignis was noncommittal.
You visited 1 branch of the dungeon, and saw 4 of its levels.

You collected 174 gold pieces.
You spent 85 gold pieces at shops.

Inventory:

Hand Weapons
 a - a -1 mace of flaming (weapon)
Armour
 b - a +0 robe (worn)
 p - a +0 hat (worn)
 q - a +0 pair of boots (worn)
 s - a +0 cloak (worn)
Jewellery
 i - a ring of resist corrosion (left hand)
 j - an amulet of the acrobat (around neck)
 n - a ring of flight (right hand)
Wands
 r - a wand of quicksilver (11)
Scrolls
 c - a scroll of identify {unknown}
 e - a scroll of brand weapon {unknown}
 g - a scroll of immolation {unknown}
 h - a scroll of fog {unknown}
 k - 2 scrolls of noise {unknown}
 l - a scroll of vulnerability {unknown}
 o - a scroll of amnesia {unknown}
Potions
 m - 3 potions of enlightenment {unknown}
 t - a potion of mutation {unknown}


   Skills:
 + Level 8.0 Fighting
 - Level 4.0 Maces & Flails
 - Level 1.3 Spellcasting
 - Level 3.6 Fire Magic


You had 8 spell levels left.
You didn't know any spells.
Your spell library contained the following spells:

 Spells                   Type           Power      Damage    Failure   Level
 Scorch                   Fire           26%        2d6       7%          2
 Necrotise                Necr           4%         1d4       21%         1
 Ozocubu's Armour         Ice            1%         N/A       52%         3
 Vampiric Draining        Necr           1%         2d6       52%         3
 Agony                    Necr           1%         N/A       99%         5
 Metabolic Englaciation   Hex/Ice        0%         N/A       99%         5
 Simulacrum               Ice/Necr       0%         N/A       100%        6
 Ozocubu's Refrigeration  Ice            0%         4d7       100%        7


Dungeon Overview and Level Annotations

Branches:
Dungeon (4/15) Zot: 608
 Temple: D:4-7

Altars:

Shops:
D:3 [


Innate Abilities, Weirdness & Mutations

You passively map a small area around you.
You are easily found by Zot.
You glow in the dark.
You regain HP and MP as you explore.


Message History

You are too injured to fight recklessly!
You are too injured to fight recklessly!
You hit the iguana. You burn the iguana.
The iguana is lightly wounded.
The iguana bites you but does no damage.
The goblin shoots a sling bullet.
The sling bullet hits you but does no damage.
You sock the iguana! You burn the iguana.
The iguana is almost dead.
The iguana bites you but does no damage.
The iguana bites you!
* * * LOW HITPOINT WARNING * * *
You barely miss the iguana.
The iguana is almost dead.
The goblin shoots a sling bullet.
The sling bullet barely misses you. The iguana closely misses you.
The goblin shoots a sling bullet.
The sling bullet hits you.
* * * LOW HITPOINT WARNING * * *
It was a potion of curing.
You feel better. The iguana bites you.
* * * LOW HITPOINT WARNING * * *
The goblin shoots a sling bullet.
The sling bullet closely misses you.
It was a potion of haste.
You feel yourself speed up. The iguana barely misses you.
The goblin shoots a sling bullet.
The sling bullet completely misses you.
You feel better.
You closely miss the iguana.
The iguana is almost dead.
The iguana barely misses you.
The goblin shoots a sling bullet.
The sling bullet hits you.
You sock the iguana! You burn the iguana.
You kill the iguana!
The goblin shoots a sling bullet.
The sling bullet hits you.
Your Fighting skill increases to level 8!
You hit the goblin. You burn the goblin.
You kill the goblin!
Things that are here:
a +0 sling; a +0 club; a goblin corpse
Okay, then.
Unknown command.
Are you sure you want to abandon this character and quit the game? (Confirm with "yes".)

#.......##### *
#............
#............
#............,
#............
#.....†..#***
#........# _ **
####........# ,
#.......@.#.# ,
, *
#####.#######.#
# ,
#..........#*.#
**
#..........#*.#
* ,
#........##....,
* #######.## ..
, #.# ... #.#
...*
###########.# *
*


There were no monsters in sight!

Vanquished Creatures
  2 orc priests (D:3)
  A hound (D:3)
  2 iguanas (D:4)
  Natasha (thrice) (D:2)
  Ijyb (D:3)
  Robin (D:2)
  2 adders
  An adder skeleton (D:2)
  8 dart slugs
  4 orcs (D:3)
  3 bats
  A bat skeleton (D:2)
  5 endoplasms
  A giant cockroach (D:2)
  15 goblins
  7 hobgoblins
  6 quokkas
  2 ball pythons
  2 frilled lizards (D:3)
  3 kobolds (D:2)
  2 rats
72 creatures vanquished.

Vanquished Creatures (others)
  37 foxfires
37 creatures vanquished.

Grand Total: 109 creatures vanquished

Notes
Turn   | Place    | Note
-------+----------+-------------------------------------------
     0 | D:1      | mattiecakes the Meteoran Cinder Acolyte began the quest for
                  | the Orb.
     0 | D:1      | Reached XP level 1. HP: 19/19 MP: 3/3
    39 | D:1      | Reached XP level 2. HP: 17/27 MP: 5/5
    50 | D:1      | Reached skill level 4 in Fighting
   150 | D:1      | Reached XP level 3. HP: 33/33 MP: 6/6
   493 | D:1      | Glimpsed the power of Zot.
   600 | D:2      | Noticed Robin
   618 | D:2      | Reached XP level 4. HP: 21/41 MP: 7/7
   619 | D:2      | Killed Robin
   620 | D:2      | Reached skill level 5 in Fighting
   624 | D:2      | Noticed Natasha
   636 | D:2      | Killed Natasha
   721 | D:2      | Reached XP level 5. HP: 50/50 MP: 8/8
   867 | D:2      | Noticed Natasha
   868 | D:2      | Found a faded altar of an unknown god.
   879 | D:2      | Killed Natasha
   880 | D:2      | Reached skill level 6 in Fighting
   895 | D:2      | Noticed Natasha
   903 | D:2      | Killed Natasha
   983 | D:3      | Reached XP level 6. HP: 53/58 MP: 9/9
  1062 | D:3      | Reached skill level 7 in Fighting
  1106 | D:3      | Found Buruepp's Armour Shoppe.
  1130 | D:3      | Bought a +0 hat for 40 gold pieces
  1130 | D:3      | Bought a +0 pair of boots for 45 gold pieces
  1144 | D:3      | Noticed Ijyb
  1156 | D:3      | Killed Ijyb
  1542 | D:3      | Reached XP level 7. HP: 67/67 MP: 10/10
  1663 | D:3      | Glimpsed the power of Zot.
  1750 | D:4      | Reached skill level 8 in Fighting
  1753 | D:4      | Quit the game

Illustrated notes

Levels and vault maps discovered:
D:1:      lemuel_arrival_behind_the_door_small, layout_rooms,
          minmay_misc_feat_x, minmay_tromino_mix6
D:2:      layout_basic, serial_undead, serial_undead_d, serial_undead_f,
          serial_undead_d, serial_undead_d,
          shapermc_ecumenical_altar_mp_highgroup, basic_altar, minmay_rat_hole,
          uniq_natasha, uniq_robin
D:3:      layout_basic, serial_shops, shop, uniq_ijyb
D:4:      layout_basic, nicolae_overflow_hidden_temple,
          chequers_temple_overflow_statue_of_worship, jmf_multi_god_temple,
          uniq_menkaure, uniq_duvessa, uniq_pikel

Skill      XL: |  1  2  3  4  5  6  7 |
---------------+----------------------+-----
Fighting       | 4 5 6 7 8 |  8.0
Maces & Flails | |  4.0
Spellcasting   | |  1.3
Fire Magic     | |  3.6

Action                     |  1- 3 |  4- 6 |  7- 9 || total
---------------------------+-------+-------+-------++-------
  Melee: Mace              |    50 |   108 |    22 ||   180
         Punch             |       |     1 |       ||     1
 Invoke: Fiery Armour      |     2 |     3 |       ||     5
         Foxfire Swarm     |     1 |     4 |       ||     5
    Use: Potion            |       |       |     3 ||     3
 Armour: Robe              |    41 |    90 |    20 ||   151
  Dodge: Dodged            |    43 |    90 |    21 ||   154

Table legend: (Time is in decaauts)
 A = Elapsed time spent in this place.
 B = Non-inter-level travel time spent in this place.
 C = Inter-level travel time spent in this place.
 D = Time resting spent in this place.
 E = Time spent auto-exploring this place.
 F = Levels seen in this place.
 G = Mean time per level.
                   A        B        C        D        E       F      G
               +--------+--------+--------+--------+--------+-----+--------+
         Total |   1791 |   1688 |    103 |    181 |   1029 |   4 |  447.8 |
       Dungeon |   1791 |   1688 |    103 |    181 |   1029 |   4 |  447.8 |
               +--------+--------+--------+--------+--------+-----+--------+

Top non-repeatable levels by time:
     D:3: 744 daAuts
     D:1: 532 daAuts
     D:2: 457 daAuts
     D:4: 57 daAuts
